 Dungeon Crawl Stone Soup version 0.25-a0-251-g572059c536 (webtiles) character file.

Game seed: 14113145663071776772, levelgen mode: classic

13445 Borgoz the Fighter (level 12, -6/107 HPs)
             Began as a Hill Orc Fighter on Dec 4, 2019.
             Was a Believer of Ashenzari.
             Mangled by an ice devil (10 damage)
             ... in an ice cave.
             The game lasted 00:28:46 (11238 turns).

Borgoz the Fighter (Hill Orc Fighter)              Turns: 11238, Time: 00:28:47

Health: -6/107     AC: 12    Str: 30    XL:     12   Next: 6%
Magic:  19/19      EV: 13    Int: 15    God:    Ashenzari [**....]
Gold:   753        SH: 12    Dex: 10    Spells: 20/21 levels left

rFire    + . .     SeeInvis +   a - +6 scimitar (curse)
rCold    + . .     Gourm    .   c - +0 shield
rNeg     . . .     Faith    .   u - +1 ring mail of Untold Secrets {Str+4 Int+5 Dex-3} (curse)
rPois    .         Spirit   .   D - +0 hat {SInv}
rElec    +         Reflect  .   (no cloak)
rCorr    .         Harm     .   e - +0 pair of gloves (curse)
MR       .....     Rnd*Tele +   d - +1 pair of boots (curse)
Stlth    ..........             (no amulet)
HPRegen  0.27/turn              t - +4 ring of evasion
MPRegen  0.16/turn              h - ring "Loul" {*Tele rElec rF+ rC+ Int+2}

@: mighty
A: no striking features
a: Curse Item, Scrying, Renounce Religion


You were in an ice cave.
You worshipped Ashenzari.
Ashenzari was pleased with you.
You were not hungry.

You visited 2 branches of the dungeon, and saw 12 of its levels.
You also visited: Ice Cave.

You collected 753 gold pieces.

Inventory:

Hand Weapons
 a - a cursed +6 scimitar (weapon)
 j - a cursed +0 great sword
 s - the cursed +1 double sword "Qaibbigo" {freeze, rElec}
   (You acquired it on level 9 of the Dungeon)

   It has been specially enchanted to freeze those struck by it, causing extra
   injury to most foes and up to half again as much damage against particularly
   susceptible opponents.
   It can also slow down cold-blooded creatures.
   It insulates you from electricity.
   It has a curse placed upon it.
Missiles
 k - 3 throwing nets (quivered)
Armour
 c - a +0 shield (worn)
 d - a cursed +1 pair of boots (worn)
 e - a cursed +0 pair of gloves (worn)
 u - the cursed +1 ring mail of Untold Secrets (worn) {Str+4 Int+5 Dex-3}
   (You took it off an orc on level 5 of the Dungeon)

   It affects your strength (+4).
   It affects your intelligence (+5).
   It affects your dexterity (-3).
   It has a curse placed upon it.
 D - a +0 hat of see invisible (worn)
Jewellery
 h - the ring "Loul" (right hand) {*Tele rElec rF+ rC+ Int+2}
   (You found it on level 5 of the Dungeon)

   [ring of teleportation]

   It may teleport you next to monsters.
   It affects your intelligence (+2).
   It protects you from fire.
   It protects you from cold.
   It insulates you from electricity.
 n - an uncursed amulet of magic regeneration
 q - an uncursed ring of fire
 t - a +4 ring of evasion (left hand)
 y - a +3 ring of evasion
 J - a +2 ring of strength
Wands
 A - a wand of digging (7)
 C - a wand of flame (14)
 F - a wand of acid (8)
 G - a wand of paralysis (2)
Scrolls
 b - 2 scrolls of enchant weapon
 g - 6 scrolls of teleportation
 i - 5 scrolls of remove curse
 l - 3 scrolls of amnesia
 p - 5 scrolls of fear
 v - 4 scrolls of magic mapping
 B - a scroll of fog
 E - 2 scrolls of blinking
 I - a scroll of holy word {unknown}
Potions
 m - a potion of ambrosia
 o - 4 potions of flight
 r - 2 potions of magic
 w - 2 potions of lignification
 x - 2 potions of agility
 z - a potion of haste
Comestibles
 f - 27 rations
 L - 10 chunks of flesh


   Skills:
 + Level 10.3 Fighting
 + Level 9.3(11.4) Long Blades
 + Level 9.7(11.1) Armour
 + Level 9.7 Shields
 - Level 5.0 Spellcasting
 + Level 7.0 Hexes


You had 20 spell levels left.
You knew the following spells:

 Your Spells              Type           Power        Failure   Level  Hunger
a - Confusing Touch       Hex            ####..       2%          1    None

Your spell library contained the following spells:

 Spells                   Type           Power        Failure   Level  Hunger
 Slow                     Hex            ####....     3%          2    ##.....
 Inner Flame              Hex/Fire       ##......     30%         3    ###....
 Animate Skeleton         Necr           N/A          38%         1    None
 Apportation              Tloc           #.....       38%         1    None
 Foxfire                  Conj/Fire      #...         38%         1    None
 Freeze                   Ice            #...         38%         1    None
 Magic Dart               Conj           #...         38%         1    None
 Shock                    Conj/Air       #...         38%         1    None
 Summon Small Mammal      Summ           #...         38%         1    None
 Blink                    Tloc           N/A          54%         2    ##.....
 Call Imp                 Summ           #.......     54%         2    ##.....
 Swiftness                Chrm/Air       #.......     54%         2    ##.....
 Conjure Flame            Conj/Fire      #.......     77%         3    ###....
 Lesser Beckoning         Tloc           #.........   77%         3    ###....
 Mephitic Cloud           Conj/Pois/Air  #.......     77%         3    ###....
 Ozocubu's Armour         Chrm/Ice       #.......     77%         3    ###....
 Static Discharge         Conj/Air       #.......     77%         3    ###....
 Airstrike                Air            #.........   99%         4    ####...
 Hailstorm                Conj/Ice       #.......     99%         4    ####...
 Sticky Flame             Conj/Fire      #.......     99%         4    ####...
 Summon Ice Beast         Ice/Summ       #.......     99%         4    ####...
 Fireball                 Conj/Fire      #.........   100%        5    ######.
 Lightning Bolt           Conj/Air       #.........   100%        5    ######.
 Dispersal                Tloc           #.........   100%        6    #######
 Ring of Flames           Chrm/Fire      #.........   100%        7    #######


Dungeon Overview and Level Annotations

Branches:
Dungeon (11/15)            Temple (1/1) D:7            Lair (0/6) D:8
  IceCv (1/1)
    Orc: D:9-12

Altars:
Ashenzari
Cheibriados
Dithmenos
Elyvilon
Fedhas
Gozag
Hepliaklqana
Kikubaaqudgha
Makhleb
Nemelex Xobeh
Okawaru
Qazlal
Ru
Sif Muna
Trog
Uskayaw
Vehumet
Wu Jian
Xom
Yredelemnul
Zin
The Shining One
Jiyva

Annotations:
IceCv exclusion: 2 ice statues


Message History

You slash the ice devil!
The ice devil is moderately wounded.
The ice devil hits you.
* * * LOW HITPOINT WARNING * * *
The ice devil freezes you. You resist.
* * * LOW HITPOINT WARNING * * *
Unknown command.
You barely miss the ice devil.
The ice devil is moderately wounded.
You closely miss the ice devil.
The ice devil is moderately wounded.
The ice devil hits you!
* * * LOW HITPOINT WARNING * * *
The ice devil freezes you. You resist.
* * * LOW HITPOINT WARNING * * *
Unknown command.
You closely miss the ice devil.
The ice devil is moderately wounded.
The ice devil hits you!
You die...

...## .......##
........#* ,
,........8 ####
........########..##
.........##..##....##
....................#
,
..⌠..........4..∩∩..#
...........##@......#
.........######....##
........## ##..##
........8 #### *
........#* .......##
.....## #####


You could see an ice devil.

Vanquished Creatures
  Gastronok (D:9)
  Harold (D:8)
  A two-headed ogre (D:10)
  Joseph (D:10)
  A centaur zombie (D:11)
  The ghost of Borgoz the Twirler, a novice GrGl (D:4)
  2 ice devils (IceCv)
  A queen bee (D:9)
  4 hippogriffs
  Sigmund (D:5)
  5 yaks (D:11)
  A wyvern (D:11)
  3 wargs (D:8)
  A water moccasin (D:10)
  9 ice beasts
  A hornet zombie (D:7)
  An orc warrior (D:11)
  A black bear (D:6)
  A sky beast (D:8)
  3 phantoms
  6 ogres
  4 centaurs
  2 big kobolds
  9 bullfrogs
  8 scorpions
  17 killer bees (D:9)
  A water moccasin skeleton (D:7)
  13 wights
  2 howler monkeys
  6 crimson imps
  The ghost of krystol the Caller, a weakling DESu (D:3)
  A quasit (D:10)
  7 hounds
  3 jellies (D:6)
  8 orc priests
  A bullfrog skeleton (D:5)
  3 centaur skeletons
  Terence (D:2)
  2 iguanas
  4 orc wizards
  7 worker ants
  2 killer bee zombies
  2 hound skeletons
  2 worker ant zombies
  14 adders
  4 gnolls (D:4)
  3 shadow imps
  An ooze (D:6)
  2 adder skeletons
  3 worms
  A dart slug (D:1)
  8 leopard geckos
  37 orcs
  9 bats
  7 giant cockroaches
  3 goblins
  3 hobgoblins
  8 jackals
  15 kobolds
  5 quokkas
  5 ball pythons
  5 frilled lizards
  8 rats
  A spectral orc (D:4)
294 creatures vanquished.

Notes
Turn   | Place    | Note
-------+----------+-------------------------------------------
     0 | D:1      | Borgoz the Hill Orc Fighter began the quest for the Orb.
     0 | D:1      | Reached XP level 1. HP: 19/19 MP: 1/1
   107 | D:1      | Reached XP level 2. HP: 26/27 MP: 2/2
   364 | D:1      | Reached skill level 4 in Fighting
   671 | D:2      | Found an ancient bone altar of Kikubaaqudgha.
   706 | D:2      | Reached XP level 3. HP: 23/33 MP: 3/3
   951 | D:2      | Noticed Terence
   998 | D:2      | Killed Terence
   998 | D:2      | Reached XP level 4. HP: 32/40 MP: 4/4
  1023 | D:2      | Found a faded altar of an unknown god.
  1446 | D:2      | You fall into a shaft and drop 2 floors!
  1521 | D:3      | Reached XP level 5. HP: 15/47 MP: 5/5
  2155 | D:3      | Found a large runed translucent door.
  2155 | D:3      | Found a large runed translucent door.
  2160 | D:3      | Noticed krystol's ghost (weakling DESu)
  2178 | D:3      | Reached skill level 5 in Fighting
  2178 | D:3      | Reached XP level 6. HP: 56/56 MP: 6/6
  2279 | D:3      | Found a shimmering altar of Xom.
  2764 | D:4      | Reached skill level 5 in Armour
  2764 | D:4      | Reached skill level 5 in Shields
  2764 | D:4      | Reached XP level 7. HP: 27/61 MP: 7/7
  3428 | D:4      | Reached skill level 6 in Fighting
  3507 | D:4      | Found a runed translucent door.
  3573 | D:4      | Reached skill level 5 in Long Blades
  3763 | D:4      | Found a basalt altar of Yredelemnul.
  3831 | D:4      | Learned a level 1 spell: Confusing Touch
  3957 | D:4      | Noticed Borgoz's ghost (novice GrGl)
  4047 | D:3      | Killed krystol's ghost
  4154 | D:4      | Killed Borgoz's ghost
  4154 | D:4      | Reached skill level 1 in Hexes
  4154 | D:4      | Reached XP level 8. HP: 71/71 MP: 7/9
  4218 | D:5      | Entered Level 5 of the Dungeon
  4239 | D:5      | Got a glittering platinum ring
  4271 | D:5      | Reached skill level 1 in Spellcasting
  4281 | D:5      | Identified the ring "Loul" {*Tele rElec rF+ rC+ Int+2} (You
                  | found it on level 5 of the Dungeon)
  4308 | D:6      | Noticed a hippogriff
  4317 | D:6      | Killed a hippogriff
  4334 | D:6      | Found a shimmering blue altar of Sif Muna.
  4487 | D:5      | Reached skill level 7 in Fighting
  4524 | D:5      | Reached XP level 9. HP: 77/79 MP: 11/11
  4941 | D:5      | Identified the +1 ring mail of Untold Secrets {Str+4 Int+5
                  | Dex-3}
  4993 | D:5      | Noticed Sigmund
  5002 | D:5      | Killed Sigmund
  5405 | D:5      | Found an iron altar of Okawaru.
  5499 | D:5      | Found a shattered altar of Ashenzari.
  5576 | D:5      | Became a worshipper of Ashenzari the Shackled
  5581 | D:5      | Found a blossoming altar of Fedhas.
  5581 | D:5      | Found a snail-covered altar of Cheibriados.
  6098 | D:6      | Reached skill level 8 in Fighting
  6586 | D:6      | Reached XP level 10. HP: 81/88 MP: 14/14
  6898 | D:8      | Found a staircase to the Lair.
  7178 | D:8      | Noticed Harold
  7278 | D:8      | Killed Harold
  7278 | D:8      | Reached skill level 5 in Hexes
  7944 | D:7      | Found a staircase to the Ecumenical Temple.
  7971 | Temple   | Entered the Ecumenical Temple
  8143 | D:7      | Reached * piety under Ashenzari
  8256 | D:7      | Found a hazy altar of Hepliaklqana.
  9052 | D:9      | Identified a scroll of acquirement
  9052 | D:9      | Identified the cursed +1 double sword "Qaibbigo" {freeze,
                  | rElec} (You acquired it on level 9 of the Dungeon)
  9143 | D:9      | Found a hide-covered altar of Uskayaw.
  9147 | D:9      | Reached skill level 9 in Fighting
  9235 | D:9      | Noticed Gastronok
  9239 | D:9      | Found a white marble altar of Elyvilon.
  9261 | D:9      | Killed Gastronok
  9261 | D:9      | Reached XP level 11. HP: 45/97 MP: 17/17
 10146 | D:10     | Entered Level 10 of the Dungeon
 10397 | D:10     | Noticed Joseph
 10407 | D:10     | Paralysed by Joseph for 2 turns
 10413 | D:10     | Paralysed by Joseph for 2 turns
 10418 | D:10     | Killed Joseph
 10552 | D:10     | Noticed a two-headed ogre
 10566 | D:10     | Killed a two-headed ogre
 10683 | D:10     | Reached ** piety under Ashenzari
 10932 | D:11     | Identified the Collected Works on the Arsonist and the
                  | Traveller
 10944 | D:11     | Reached skill level 10 in Fighting
 11021 | D:11     | Reached skill level 5 in Spellcasting
 11077 | D:11     | Reached XP level 12. HP: 72/106 MP: 19/19
 11087 | D:11     | Found a frozen archway.
 11094 | IceCv    | Entered an ice cave
 11237 | IceCv    | HP: 4/107 [ice devil (5)]
 11238 | IceCv    | Mangled by an ice devil

Levels and vault maps discovered:
D:1:      scummos_arrival_gate, layout_basic, minmay_vboxes
D:2:      layout_loops_ring, nicolae_overflow_crystal_walls,
          chequers_ecumenical_altar_island, uniq_terence
D:3:      layout_basic, old_standard_altar, serial_glass, glass_columns_a,
          glass_columns_a, glass_columns_a, glass_columns_c, glass_columns_a,
          glass_columns_a, glass_columns_b, glass_columns_a, glass_columns_c,
          glass_columns_c, glass_columns_a, glass_columns_a, glass_columns_a,
          glass_columns_c, ebering_ghost_disaster_area
D:4:      layout_basic, yredelemnul_forgotten_temple_becter,
          ebering_ghost_reflecting_pool, interstate_on_off, minmay_bent
D:5:      layout_basic, ashenzari_altar_1, lemuel_round_altar,
          gammafunk_temple_overflow_statue, first_ration, minmay_joined_circles,
          uniq_sigmund
D:6:      layout_rooms, nicolae_overflow_hidden_temple, minmay_alternating_orb
D:7:      layout_cave_pools, kennysheep_mini,
          minmay_temple_entry_drinking_statues
D:8:      layout_basic, erik_lair_orcish_takeover, uniq_harold
D:9:      layout_roguey, eat_drink_and_be_merry_uskayaw, elyvilon_altar_3,
          david_nohive_1, uniq_gastronok
D:10:     layout_gridville, uniq_joseph
D:11:     layout_loops_ring, erik_orc_3, portal_ice_cave_entry_ice_beasts,
          bh_walls_and_bars
Temple:   pf_slime_end_temple
IceCv:    ice_cave_tombish

Skill      XL: |  1  2  3  4  5  6  7  8  9 10 11 12 |
---------------+-------------------------------------+-----
Fighting       | 4 5 6 7 8 9 10 | 10.3
Long Blades    | 3 4 5 6 7 8 9 |  9.3
Armour         | 4 5 6 7 8 9 |  9.7
Shields        | 4 5 6 7 8 9 |  9.7
Hexes          | 1 2 4 5 6 7 |  7.0
Spellcasting   | 1 3 4 5 |  5.0

Action                   |  1- 3 |  4- 6 |  7- 9 | 10-12 || total
-------------------------+-------+-------+-------+-------++-------
Melee: Long sword        |   128 |    71 |       |       ||   199
       Scimitar          |       |    57 |   270 |   512 ||   839
Throw: Throwing net      |       |       |       |     1 ||     1
Invok: Curse Item        |       |       |     1 |     1 ||     2
Evoke: Wand              |       |       |       |     5 ||     5
  Use: Scroll            |     6 |     6 |     6 |     5 ||    23
       Potion            |       |     5 |     7 |     5 ||    17
 Stab: Invisible         |       |       |     3 |       ||     3
       Held in net/web   |       |       |       |     2 ||     2
  Eat: Chunk             |       |     6 |    13 |    12 ||    31
       Ration            |       |       |       |     1 ||     1
Armor: Scale mail        |    63 |    47 |    50 |       ||   160
       Skin              |       |    12 |    31 |    31 ||    74
       Ring mail         |       |       |    40 |   115 ||   155
Dodge: Dodged            |    41 |    36 |    99 |   195 ||   371
Block: Shield            |    75 |    71 |   149 |   315 ||   610
       Rpst.: Long sword |     8 |     5 |       |       ||    13
       Scimitar          |       |     3 |    32 |    48 ||    83

Table legend:
 A = Non-vault XP
 B = Vault XP
 C = Vault XP percentage of total XP
 D = Non-vault monster count
 E = Vault monster count
 F = Vault count percentage of total count
                 A         B        C        D         E       F
            +---------+---------+-------+---------+---------+-------
      Total |    9928 |    9280 |  48.3 |     223 |      71 |  24.1
            +---------+---------+-------+---------+---------+-------
        D:1 |      23 |       8 |  25.8 |      15 |       5 |  25.0
        D:2 |      48 |      36 |  42.9 |      18 |       1 |   5.3
        D:3 |     277 |      46 |  14.2 |      23 |       1 |   4.2
        D:4 |     332 |     752 |  69.4 |      17 |       8 |  32.0
        D:5 |    1133 |     357 |  24.0 |      35 |       6 |  14.6
        D:6 |    1167 |     569 |  32.8 |      23 |      11 |  32.4
        D:7 |     807 |       0 |   0.0 |      21 |       0 |   0.0
        D:8 |     949 |    1581 |  62.5 |      22 |       9 |  29.0
        D:9 |     901 |    3747 |  80.6 |      18 |      19 |  51.4
       D:10 |    2233 |     471 |  17.4 |      14 |       1 |   6.7
       D:11 |    2058 |    1047 |  33.7 |      17 |       8 |  32.0
      IceCv |       0 |     666 | 100.0 |       0 |       2 | 100.0
            +---------+---------+-------+---------+---------+-------
